Map: [ESL] Crimson Court

Players

ShoWTimE

  • Race: Protoss Protoss
  • League: Master
  • Spawn Location: 1:00

Oliveira - Winner!

  • Race: Terran Terran
  • Spawn Location: 7:00

Event: Bellum Gens Elite Stara Zagora 2024

VOD

Have the link to the VOD?

Description

Time

  • Played on: Sept. 8, 2024, 9:41 a.m.
  • Length: 6:38

All games in this series

Show
View Real Time Build Order
Export as new Build Order

ShoWTimE Protoss 

Build Orders: 1 Gate Expand, Blink Stalkers 

Get SALT Encoding   

  12  0:00  Probe  
  13  0:12  Probe  
  14  0:17  Pylon  
  14  0:24  Probe (Chrono Boost)  
  15  0:35  Gateway  
  15  0:36  Probe (Chrono Boost)  
  16  0:45  Probe (Chrono Boost)  
  16  0:46  Assimilator  
  17  0:50  Probe  
  18  1:03  Probe  
  19  1:15  Probe  
  20  1:22  Cybernetics Core  
  20  1:31  Nexus  
  20  1:33  Probe  
  21  1:41  Pylon  
  21  1:45  Probe  
  22  1:48  Assimilator  
  22  1:56  Adept (Chrono Boost)  
  22  1:58  Probe  
  22  2:00  Warp Gate  
  25  2:10  Probe  
  26  2:17  Twilight Council  
  26  2:19  Adept (Chrono Boost)  
  29  2:22  Probe  
  29  2:35  Probe  
  30  2:43  Probe  
  31  2:47  Probe  
  31  2:48  Stalker  
  31  2:51  Blink (Chrono Boost)  
  34  2:54  Gateway  
  34  2:55  Probe  
  35  3:02  Probe  
  36  3:07  Probe  
  36  3:09  Shield Battery  
  37  3:14  Probe  
  37  3:19  Probe  
  39  3:21  Robotics Facility  
  39  3:26  Probe  
  40  3:30  Shield Battery  
  40  3:31  Probe  
  39  3:38  Probe  
  40  3:43  Probe  
  39  3:48  Stalker  
  39  3:50  Probe  
  39  3:55  Stalker  
  40  3:56  Probe  
  38  4:03  Probe  
  38  4:08  Probe  
  40  4:12  Assimilator, Stalker  
  40  4:14  Assimilator  
  40  4:15  Probe  
  43  4:20  Probe  
  44  4:27  Pylon, Probe  
  44  4:29  Dark Shrine  
  45  4:32  Probe  
  46  4:45  Observer (Chrono Boost), Probe x2  
  46  4:47  Gateway  
  49  4:54  Pylon  
  49  4:57  Warp Prism (Chrono Boost)  
  49  4:58  Probe x2  
  53  5:10  Gateway, Probe  
  53  5:13  Stalker, Pylon  
  56  5:16  Stalker  
  56  5:18  Probe  
  59  5:22  Probe  
  60  5:31  Probe  
  65  5:36  Immortal (Chrono Boost)  
  65  5:38  Stalker  
  65  5:43  Pylon  
  65  5:44  Dark Templar  
  67  5:51  Dark Templar  
  67  5:57  Pylon  
  67  6:07  Dark Templar  
  62  6:18  Stalker  
  43  6:21  Probe x2 (Chrono Boost)  
  43  6:24  Dark Templar  
Show
View Real Time Build Order
Export as new Build Order

Oliveira Terran - Winner!

Build Orders:  

Get SALT Encoding   

  12  0:00  SCV  
  13  0:12  SCV  
  14  0:17  Supply Depot  
  14  0:24  SCV  
  15  0:38  SCV  
  15  0:40  Barracks  
  16  0:44  Refinery  
  16  0:50  SCV  
  16  0:53  Refinery  
  17  1:03  SCV  
  18  1:15  SCV  
  19  1:27  Orbital Command, Reaper  
  19  1:28  Supply Depot  
  20  1:41  Factory  
  20  1:53  SCV  
  21  2:00  Barracks Reactor  
  21  2:06  SCV  
  22  2:15  Command Center  
  22  2:18  SCV  
  23  2:25  Hellion  
  25  2:30  SCV  
  26  2:37  Reaper x2  
  26  2:40  Supply Depot  
  26  2:42  SCV  
  29  2:47  Hellion  
  31  2:54  Barracks  
  31  3:01  SCV  
  31  3:03  Barracks  
  32  3:09  Factory Tech Lab  
  32  3:11  Marine x2  
  34  3:14  SCV  
  35  3:28  Orbital Command  
  35  3:29  Siege Tank  
  35  3:32  SCV  
  39  3:42  Marine  
  39  3:43  Barracks Tech Lab  
  39  3:54  Barracks Tech Lab, Marine  
  38  4:00  SCV  
  38  4:01  Marine  
  37  4:04  Siege Tank, Marine, Stimpack  
  37  4:05  SCV  
  41  4:10  Supply Depot  
  41  4:13  SCV  
  41  4:14  Marine  
  41  4:16  Combat Shield  
  43  4:18  SCV  
  43  4:20  Marine  
  43  4:22  Marauder  
  47  4:26  Marauder  
  47  4:28  SCV  
  47  4:30  SCV  
  51  4:33  Supply Depot  
  51  4:35  Marine  
  52  4:40  Marine  
  52  4:43  Engineering Bay  
  55  4:46  Marauder  
  55  4:47  Marauder  
  55  4:50  SCV x2  
  59  4:53  Marine  
  59  4:56  Siege Tank  
  63  5:00  Supply Depot  
  63  5:01  Marine  
  63  5:02  SCV  
  63  5:04  SCV  
  66  5:11  Marauder  
  66  5:13  Refinery  
  70  5:14  Marauder  
  70  5:21  Marine  
  70  5:24  Marine  
  70  5:25  Supply Depot, SCV  
  74  5:28  SCV  
  74  5:33  Siege Tank  
  76  5:41  Marauder  
  77  5:47  Marine  
  77  5:48  Marine, Marauder  
  80  5:52  Missile Turret  
  80  5:57  Missile Turret  
  76  6:10  Missile Turret  
  70  6:11  Marine x2  
  70  6:12  Marauder  
  68  6:18  SCV  
  68  6:20  Marine  
  68  6:23  SCV  
Tags
 
Add a new tag
Caveats
  • Supply blocks, unpowered buildings, or Contaminate may cause inaccurate times.
  • Supply counts are checked every 10 seconds.